 Dungeon Crawl Stone Soup version 0.17-a0-1900-g45e8110 (webtiles) character file.

67 Goblin1989 the Chucker (level 3, -2/33 HPs)
             Began as a Troll Hunter on Sept 24, 2015.
             Slain by a worm (3 damage)
             ... on level 3 of the Dungeon.
             The game lasted 00:05:06 (931 turns).

Goblin1989 the Chucker (Troll Hunter)                Turns: 931, Time: 00:05:36

Health: -2/33      AC:  5    Str: 20      XL:     3   Next: 98%
Magic:  2/2        EV:  9    Int:  7      God:
Gold:   80         SH:  0    Dex: 10 (11) Spells: 0 memorised, 2 levels left

rFire  . . .     SeeInvis .       - Unarmed
rCold  . . .     Clarity  .     d - +0 robe
rNeg   . . .     SustAt   .     (no shield)
rPois  .         Gourm    +     (helmet restricted)
rElec  .         Spirit   .     (no cloak)
rCorr  .         Warding  .     (gloves unavailable)
rMut   .         Stasis   .     (boots unavailable)
MR     .....                    (no amulet)
Stlth  +.........               (no ring)
                                (no ring)

@: lethally poisoned (-2 -> -26), not resistant to hostile enchantments, very
unstealthy
A: unfitting armour, claws 3, fast metabolism 3, gourmand, regeneration 2,
shaggy fur 1, tough skin 2
a: no special abilities


You were on level 3 of the Dungeon.
You were full.

You visited 1 branch of the dungeon, and saw 3 of its levels.

You collected 80 gold pieces.

Inventory:

Missiles
 a - 5 large rocks
 b - 2 throwing nets
 c - 3 javelins (quivered)
Armour
 d - a +0 robe (worn)
Scrolls
 f - a scroll of enchant armour {unknown}
 g - a scroll of identify {unknown}
 i - 2 scrolls of remove curse {unknown}
Potions
 j - a potion of resistance {unknown}
 k - a potion of cancellation {unknown}
Comestibles
 e - 3 bread rations


   Skills:
 - Level 1.5 Fighting
 - Level 3.6 Throwing
 - Level 1.5 Dodging
 - Level 0.4 Stealth
 + Level 3.6 Unarmed Combat


You had 2 spell levels left.
You didn't know any spells.

Dungeon Overview and Level Annotations

Branches:
Dungeon (3/15)

Altars:


Innate Abilities, Weirdness & Mutations

You are too large for most types of armour.
You have claws for hands.
Your metabolism is lightning-fast.
You like to eat raw meat.
You heal very quickly.
You are covered in fur (AC +1).
You have very tough skin (AC +2).


Message History

The giant cockroach barely misses you.
Terence hits you with a hand axe of venom.
You are more poisoned.
You claw Terence!
You kill Terence!
You feel very sick. The giant cockroach closely misses you.
You barely miss the worm.
You feel very sick. The giant cockroach closely misses you. The worm bites you!
* * * LOW HITPOINT WARNING * * *
Drink which item? (? for menu, Esc to quit)
It was a potion of degeneration.
There was something very wrong with that liquid.
You feel clumsy.
* * * LOW HITPOINT WARNING * * *
You feel very sick.
The giant cockroach bites you but does no damage.
The worm bites you.
You die...

#.... ......
.. .....
......
..##...#
......
....#.##......
#............
#.#.........#
#.......)..#
#.##ws..#
#..)@#...#
............#
............#
.......####..#
.##...# #...
#... ###. ....
.....


You could see a worm and a giant cockroach.

Vanquished Creatures
  Terence (D:3)
  An adder (D:2)
  An ooze (D:1)
  A worm (D:2)
  A giant gecko (D:1)
  An orc (D:3)
  3 bats
  3 giant cockroaches
  2 hobgoblins (D:1)
  A giant newt (D:2)
  3 goblins (D:1)
  3 kobolds (D:1)
  2 rats
23 creatures vanquished.

Notes
Turn   | Place    | Note
--------------------------------------------------------------
     0 | D:1      | Goblin1989 the Troll Hunter began the quest for the Orb.
     0 | D:1      | Reached XP level 1. HP: 19/19 MP: 0/0
   149 | D:1      | Reached skill level 1 in Unarmed Combat
   153 | D:1      | Reached XP level 2. HP: 25/27 MP: 1/1
   777 | D:2      | Reached XP level 3. HP: 31/33 MP: 2/2
   917 | D:2      | You fall through a shaft!
   917 | D:3      | Noticed Terence
   929 | D:3      | Killed Terence
   931 | D:3      | HP: 1/33 [poisoned by Terence]
   931 | D:3      | Slain by a worm

Vault maps used:
D:1:      dpeg_arrival_water_altar, hangedman_abyss_or_decor_stabs
D:2:      fedhas_altar_fruit_tree, first_bread
D:3:      lemuel_zombie_altar_kikubaaqudgha, xom_teletrap_fun,
          kennysheep_generic_room_15, uniq_grinder, uniq_iyjb, uniq_terence

Action                   || total
-------------------------++-------
Melee: Unarmed           ||    85
Throw: Javelin           ||     3
  Use: Potion            ||     1
 Stab: Sleeping          ||     2
  Eat: Chunk             ||     6
       Meat ration       ||     1
